 Dungeon Crawl Stone Soup version 0.28.0-47-ge53b351184 (webtiles) character file.

Game seed: 15343426932393546191

37 Exodus22XD the Covered (level 3, -1/33 HPs)
             Began as a Minotaur Fighter on May 7, 2022.
             Was a Follower of Qazlal.
             Slain by a hobgoblin
             ... wielding a +0 hand axe
              (4 damage)
             ... on level 2 of the Dungeon.
             The game lasted 00:01:11 (882 turns).

Exodus22XD the Covered (Minotaur Fighter)            Turns: 882, Time: 00:01:12

Health: -1/33      AC:  7    Str: 22    XL:     3   Next: 23%
Magic:  2/2        EV:  9    Int:  5    God:    Qazlal [*.....]
Gold:   75         SH:  6    Dex:  9    Spells: 2/2 levels left

rFire   . . .      SeeInvis +   a - +0 war axe
rCold   . . .      Faith    +   c - +0 buckler
rNeg    . . .      Spirit   .   b - +0 scale mail
rPois   .          Reflect  .   (helmet restricted)
rElec   .          Harm     .   (no cloak)
rCorr   .          Rampage  .   (no gloves)
Will    .....                   (no boots)
Stlth   ..........              f - amulet of faith
HPRegen 0.11/turn               h - ring of see invisible
MPRegen 0.08/turn               (no ring)

@: no status effects
A: horns 2, retaliatory headbutt
a: Renounce Religion


You were on level 2 of the Dungeon.
You worshipped Qazlal.
Qazlal was aware of your devotion.
You visited 1 branch of the dungeon, and saw 2 of its levels.

You collected 75 gold pieces.

Inventory:

Hand Weapons
 a - a +0 war axe (weapon)
Armour
 b - a +0 scale mail (worn)
 c - a +0 buckler (worn)
Jewellery
 f - an amulet of faith (around neck)
 h - a ring of see invisible (left hand)
Scrolls
 e - 2 scrolls of identify {unknown}
 g - a scroll of fear {unknown}
Potions
 d - a potion of might
 i - a potion of curing {unknown}


   Skills:
 + Level 4.1 Fighting
 + Level 2.9 Axes
 + Level 4.3 Armour
 + Level 4.0 Shields


You had 2 spell levels left.
You didn't know any spells.
Your spell library was empty.

Dungeon Overview and Level Annotations

Branches:
Dungeon (2/15)

Altars:
Qazlal

Shops:
D:1 *   D:2 :


Innate Abilities, Weirdness & Mutations

You have a pair of horns on your head.
You reflexively headbutt those who attack you in melee.


Message History

The adder is moderately wounded.
You barely miss the endoplasm.
You feel sick. The adder bites you. The endoplasm freezes you.
You are frozen.
The endoplasm hits you. The adder bites you but does no damage.
There are monsters nearby!
Unknown command.
You slash the endoplasm!
You kill the endoplasm!
Qazlal accepts your kill.
You barely miss the adder.
You feel sick. The adder bites you but does no damage.
A hobgoblin comes into view. It is wielding a +0 hand axe.
The adder barely misses you.
You have reached level 3!
Your experience leads to an increase in your attributes!
Increase (S)trength, (I)ntelligence, or (D)exterity?
You feel stronger. x2
You miss the adder.
The hobgoblin shouts!
You headbutt the adder.
The adder is severely wounded.
You feel sick.
You are no longer poisoned.
The hobgoblin throws a stone.
The stone hits you.
* * * LOW HITPOINT WARNING * * *
The adder bites you but does no damage.
The hobgoblin throws a stone.
The stone barely misses you.
You closely miss the adder. You headbutt the adder.
You kill the adder!
Qazlal accepts your kill.
Your Shields skill increases to level 4!
The hobgoblin throws a stone.
The stone barely misses you.
The hobgoblin throws a stone.
The stone closely misses you. The hobgoblin closely misses you.
You hit the hobgoblin.
The hobgoblin is moderately wounded.
The hobgoblin hits you with a +0 hand axe.
* * * LOW HITPOINT WARNING * * *
The hobgoblin hits you with a +0 hand axe.
You die...

#........##### # ##
#........'.... #...
#........####.
.###.#.######.######
#. ......∩..# #.# #.
....!#.#.####.#######
#.
.....................
#.
.......g.....########
#. #.@°....# ##
#.☼.....# #....†..#
#.......# #.......#
#.......# ...........
.............
.............


You could see a hobgoblin.

Vanquished Creatures
  An adder (D:2)
  2 dart slugs
  5 ball pythons (D:1)
  2 endoplasms
  3 giant cockroaches (D:1)
  A goblin (D:1)
  A jackal (D:1)
  2 kobolds
  2 quokkas
  A bat (D:1)
  2 rats (D:1)
22 creatures vanquished.

Vanquished Creatures (others)
  2 plants (D:1)
2 creatures vanquished.

Grand Total: 24 creatures vanquished

Notes
Turn   | Place    | Note
-------+----------+-------------------------------------------
     0 | D:1      | Exodus22XD the Minotaur Fighter began the quest for the
                  | Orb.
     0 | D:1      | Reached XP level 1. HP: 19/19 MP: 0/0
    11 | D:1      | Found Xext's General Store.
   147 | D:1      | Reached XP level 2. HP: 20/27 MP: 1/1
   655 | D:1      | Found a faded altar of an unknown god.
   672 | D:1      | Prayed at the altar of an unknown god.
   672 | D:1      | Became a worshipper of Qazlal Stormbringer
   672 | D:1      | Reached * piety under Qazlal
   868 | D:2      | Found Saptueho's Book Shoppe.
   875 | D:2      | Reached XP level 3. HP: 11/33 MP: 2/2
   882 | D:2      | Slain by a hobgoblin

Illustrated notes

Levels and vault maps discovered:
D:1:      mushboom_english_gardens, layout_basic, serial_shops, shop,
          shapermc_ecumenical_altar_mp_urbaneastern, hangedman_feature_mirror
D:2:      layout_basic, serial_shops, nicolae_shop_crystal

Skill      XL: |  1  2  3 |
---------------+----------+-----
Armour         | 4 |  4.3
Fighting       | 4 |  4.1
Shields        | 4 |  4.0
Axes           | |  2.9

Action                   || total
-------------------------++-------
Melee: War axe           ||    50
       Headbutt          ||     6
Armor: Scale mail        ||    27
Dodge: Dodged            ||    26
Block: Buckler           ||     8
